 Dungeon Crawl Stone Soup version 0.31-a0-538-gbc85326fa9 (webtiles) character file.

Game seed: 3462948736809364276

7230 bmack86 the Severer (level 10, 0/84 HPs)
             Began as a Minotaur Fighter on Aug 14, 2023.
             Succumbed to a kobold brigand's poison
             ... on level 8 of the Dungeon.
             The game lasted 00:16:00 (7035 turns).

bmack86 the Severer (Minotaur Fighter)              Turns: 7035, Time: 00:16:01

Health: 0/84       AC: 20    Str: 29    XL:     10   Next: 88%
Magic:  9/9        EV: 12    Int:  5    God:
Gold:   339        SH:  4    Dex:  9    Spells: 9/9 levels left

rFire   + . .        d - +1 broad axe
rCold   . . .        c - +0 buckler
rNeg    + . .        f - +0 plate armour
rPois   .            (helmet restricted)
rElec   .            (no cloak)
rCorr   .            t - +2 pair of gloves {Str+3}
SInv    +            v - +0 pair of boots
Will    .....        (no amulet) Stlth
                     s - ring of Niwkunny {rF+ rN+ EV+5 Stlth+}
HPRegen 0.34/turn    h - ring of the Queen {AC+4 SInv}
MPRegen 0.11/turn

%: no passive effects
@: lethally poisoned (0 -> -19), slowed, very slow
A: horns 2, retaliatory headbutt
a: no special abilities


You were on level 8 of the Dungeon.
You visited 2 branches of the dungeon, and saw 9 of its levels.
You also visited: Bailey.

You collected 339 gold pieces.

Inventory:

Hand Weapons
 a - a +1 war axe
 d - a +1 broad axe (weapon)
Missiles
 k - 2 curare-tipped darts
 r - 7 boomerangs (quivered)
Armour
 b - a +0 scale mail
 c - a +0 buckler (worn)
 f - a +0 plate armour (worn)
 t - a +2 pair of gloves of strength (worn)
 u - a +0 kite shield
 v - a +0 pair of boots (worn)
 y - a +0 plate armour
Jewellery
 h - the ring of the Queen (right hand) {AC+4 SInv}
   (You acquired it on level 6 of the Dungeon)

   [ring of protection]

   AC+4:      It affects your AC (+4).
   SInv:      It lets you see invisible.
 o - a ring of fire
 s - the ring of Niwkunny (left hand) {rF+ rN+ EV+5 Stlth+}
   (You acquired it on level 6 of the Dungeon)

   [ring of evasion]

   EV+5:      It affects your evasion (+5).
   rF+:       It protects you from fire.
   rN+:       It protects you from negative energy.
   Stlth+:    It makes you more stealthy.
Wands
 n - a wand of quicksilver (10)
 w - a wand of mindburst (3)
Scrolls
 e - 2 scrolls of immolation
 q - a scroll of fear
 x - a scroll of fog
 B - a scroll of revelation {unknown}
 C - a scroll of teleportation
 D - a scroll of torment {unknown}
Potions
 g - a potion of haste
 i - a potion of enlightenment
 j - a potion of curing
 l - 3 potions of cancellation
 m - a potion of attraction
 p - 2 potions of lignification {unknown}
 z - 2 potions of magic {unknown}
 A - a potion of brilliance {unknown}


   Skills:
 * Level 6.7 Fighting
 - Level 18.0 Axes
 + Level 5.3 Armour
 + Level 5.3 Shields


You had 9 spell levels left.
You didn't know any spells.
Your spell library contained the following spells:

 Spells                   Type           Power      Damage    Failure   Level
 Sublimation of Blood     Necr           0%         N/A       100%        2
 Frozen Ramparts          Ice            0%         1d1       100%        3
 Hailstorm                Conj/Ice       0%         3d3       100%        3
 Petrify                  Tmut/Erth      0%         N/A       100%        4
 Summon Ice Beast         Ice/Summ       0%         N/A       100%        4
 Irradiate                Conj/Tmut      0%         3d11      100%        5
 Metabolic Englaciation   Hex/Ice        0%         N/A       100%        5
 Simulacrum               Ice/Necr       0%         N/A       100%        6


Dungeon Overview and Level Annotations

Branches:
Dungeon (8/15)             Temple (1/1) D:6          Bailey (visited)
   Lair: D:8-11

Altars:
Cheibriados
Dithmenos
Elyvilon
Gozag
Hepliaklqana
Makhleb
Nemelex Xobeh
Qazlal
Ru
Sif Muna
Trog
Uskayaw
Vehumet
Wu Jian
Xom
Yredelemnul
Zin
The Shining One


Innate Abilities, Weirdness & Mutations

You have a pair of horns on your head.
You reflexively headbutt those who attack you in melee.


Message History

You closely miss the kobold. The kobold hits you with a +0 club.
The boulder beetle hits you!!
The boulder beetle stops rolling and uncurls.
You hear a bellow!
You hit the kobold. You headbutt the kobold.
You kill the kobold!
You hit the boulder beetle but do no damage.
You hear a shout!
A kobold comes into view. It is wielding a +0 whip.
You hear a bellow!
A kobold brigand comes into view.
It is wielding a +0 club and quivering poisoned darts.
Found a scale mail.
Found a stone staircase leading down.
The boulder beetle bites you.
The cyclops throws a large rock.
You block the large rock.
A wight comes into view. It is wielding a +4 short sword.
A yak comes into view.
An orc comes into view. It is wielding a +0 short sword.
You see here a +0 club.
A kobold brigand comes into view.
It is wielding a +0 short sword and quivering curare-tipped darts.
Found 16 gold pieces.
The kobold brigand shouts!
You hear a shout!
The boulder beetle bites you!!
The kobold brigand throws a curare-tipped dart.
The curare-tipped dart hits you.
You are poisoned.
You have difficulty breathing.
* * * LOW HITPOINT WARNING * * *
You feel yourself slow down. 2 kobolds come into view.
You feel very sick.
The kobold shouts! x2
The boulder beetle curls into a ball and begins rolling!
The kobold brigand throws a poisoned dart.
The poisoned dart hits you!
You are lethally poisoned!
The orc throws a boomerang.
The boomerang closely misses you. The cyclops hits you!
* * * LOW HITPOINT WARNING * * *
There is a stone staircase leading up here.
You die...

..........##....##
.................#####
..########...........#
. #...........#
#...........# #
#...........#o.
#.#...°)......#
#.#.#..BC..##..#
#.#.#..@.Y.# #...
#.#.#..K..#.# #..#
#......#.## ..#
#K....z#.# .#
.........##
.>...K...[#
###.K$K..## #......#


You could see a boulder beetle (rolling), a cyclops, a yak, 2 kobold brigands, a
wight, an orc and 3 kobolds.

Vanquished Creatures
  2 vault guards (Bailey)
  A two-headed ogre (D:7)
  Pikel (D:7)
  A cane toad (Bailey)
  Prince Ribbit (D:5)
  A hornet (D:7)
  Sigmund (D:3)
  A wyvern (D:8)
  2 humans (Bailey)
  3 steam dragons
  A water moccasin (D:5)
  An orc warrior (D:7)
  An ice beast (D:6)
  2 black bears
  A sky beast (D:6)
  2 centaurs
  2 kobold brigands (D:8)
  13 bullfrogs
  A gnoll sergeant (D:6)
  8 scorpions
  9 wights
  4 orc priests
  2 hounds (D:5)
  2 jellies
  Terence (D:3)
  2 iguanas
  5 orc wizards
  8 gnolls
  6 adders
  A shadow imp (D:7)
  A white imp (D:7)
  An ufetubus (D:5)
  2 worms
  2 dart slugs
  39 orcs
  10 ball pythons
  7 endoplasms
  5 giant cockroaches
  8 goblins
  5 hobgoblins
  3 jackals (D:1)
  4 quokkas
  15 bats
  2 frilled lizards (D:1)
  13 kobolds
  7 rats
210 creatures vanquished.

Notes
Turn   | Place    | Note
-------+----------+-------------------------------------------
     0 | D:1      | bmack86 the Minotaur Fighter began the quest for the Orb.
     0 | D:1      | Reached XP level 1. HP: 19/19 MP: 0/0
    47 | D:1      | Reached skill level 3 in Axes
    97 | D:1      | Reached XP level 2. HP: 25/26 MP: 1/1
   180 | D:1      | Reached skill level 4 in Axes
   317 | D:1      | Reached XP level 3. HP: 31/31 MP: 2/2
   793 | D:2      | Found a burning altar of Makhleb.
   909 | D:2      | Reached skill level 5 in Axes
  1151 | D:2      | Found a faded altar of an unknown god.
  1379 | D:3      | Noticed Sigmund
  1389 | D:3      | Killed Sigmund
  1390 | D:3      | Reached skill level 7 in Axes
  1390 | D:3      | Reached XP level 4. HP: 24/39 MP: 3/3
  1390 | D:3      | Reached XP level 5. HP: 28/45 MP: 4/4
  1593 | D:3      | Noticed Terence
  1607 | D:3      | Killed Terence
  1832 | D:3      | Found a shimmering blue altar of Sif Muna.
  1942 | D:3      | Reached XP level 6. HP: 35/51 MP: 5/5
  2040 | D:3      | Reached skill level 8 in Axes
  2167 | D:3      | Found a hazy altar of Hepliaklqana.
  2851 | D:4      | Found a glowing golden altar of the Shining One.
  2855 | D:4      | Found a bloodstained altar of Trog.
  3178 | D:5      | Entered Level 5 of the Dungeon
  3255 | D:5      | Reached skill level 9 in Axes
  3309 | D:5      | Reached XP level 7. HP: 26/57 MP: 6/6
  3658 | D:5      | Reached skill level 10 in Axes
  3775 | D:5      | Found a sacrificial altar of Ru.
  3810 | D:5      | Reached skill level 11 in Axes
  4059 | D:5      | Found a radiant altar of Vehumet.
  4148 | D:5      | Noticed Prince Ribbit
  4157 | D:5      | Killed Prince Ribbit
  4158 | D:5      | Reached XP level 8. HP: 37/64 MP: 7/7
  4451 | D:5      | Reached skill level 12 in Axes
  4800 | D:6      | Identified 3 scrolls of acquirement
  4800 | D:6      | Acquired the ring of Niwkunny {rF+ rN+ EV+5 Stlth+}
  4803 | D:6      | Acquired a +1 pair of gloves of strength
  4810 | D:6      | Acquired the ring of the Queen {AC+4 SInv}
  4864 | D:6      | Reached skill level 13 in Axes
  4884 | D:6      | Found a staircase to the Ecumenical Temple.
  4902 | Temple   | Entered the Ecumenical Temple
  5059 | D:6      | Reached skill level 14 in Axes
  5059 | D:6      | Reached XP level 9. HP: 59/70 MP: 8/8
  5601 | D:7      | Noticed Pikel
  5616 | D:7      | Killed Pikel
  5617 | D:7      | Reached skill level 15 in Axes
  5855 | D:7      | Reached skill level 16 in Axes
  5861 | D:7      | Noticed a two-headed ogre
  5871 | D:7      | Killed a two-headed ogre
  5921 | D:7      | Reached XP level 10. HP: 70/76 MP: 9/9
  5996 | D:7      | Reached skill level 17 in Axes
  6618 | D:8      | Found a flagged portal.
  6671 | Bailey   | Entered a bailey
  6714 | Bailey   | Reached skill level 18 in Axes
  6740 | Bailey   | Noticed a vault guard
  6753 | Bailey   | Killed a vault guard
  6754 | Bailey   | Reached skill level 5 in Fighting
  6780 | Bailey   | Noticed a cane toad
  6780 | Bailey   | Noticed a vault guard
  6787 | Bailey   | Killed a cane toad
  6793 | Bailey   | Killed a vault guard
  6794 | Bailey   | Reached skill level 5 in Armour
  6794 | Bailey   | Reached skill level 5 in Shields
  7026 | D:8      | Noticed a cyclops
  7026 | D:8      | Noticed a boulder beetle
  7035 | D:8      | Succumbed to a kobold brigand's poison

Illustrated notes

Levels and vault maps discovered:
D:1:      mushboom_english_gardens, layout_rooms, minmay_tromino_v4_b
D:2:      layout_loops_corners, basic_altar, ebering_ecumenical_altar_mist
D:3:      layout_basic, lemuel_blue_sif_altar, nicolae_hepliaklqana_hippocampus,
          uniq_terence, uniq_sigmund
D:4:      layout_gridville, trog_book, nicolae_overflow_hidden_temple
D:5:      old_forge, layout_layer_cave, mainiacjoe_overflow_tiny_flanked,
          nicolae_ru_awakened_eye, uniq_prince_ribbit1
D:6:      layout_loops_ring, minmay_temple_entry_stoned_glass, serial_glass,
          glass_columns_b, glass_columns_c
D:7:      layout_loops_ring, uniq_pikel
D:8:      gammafunk_sealed_arena, layout_basic,
          lemuel_zombie_altar_kikubaaqudgha, enter_bailey_4,
          nicolae_concentric_dashed_squares_wild, minmay_manual_mess
Temple:   nicolae_temple_hex_pool

Skill      XL: |  1  2  3  4  5  6  7  8  9 10 |
---------------+-------------------------------+-----
Axes           | 3 4 7 9 11 14 16 18 | 18.0
Fighting       | 6 |  6.7
Armour         | 5 |  5.3
Shields        | 5 |  5.3

Action                     |  1- 3 |  4- 6 |  7- 9 | 10-12 || total
---------------------------+-------+-------+-------+-------++-------
  Melee: War axe           |   100 |   112 |   213 |    86 ||   511
         Headbutt          |    11 |     7 |    37 |    21 ||    76
         Broad axe         |       |       |       |    27 ||    27
  Evoke: Wand              |       |       |     2 |       ||     2
    Use: Scroll            |       |     7 |     6 |     5 ||    18
         Potion            |       |       |     1 |     3 ||     4
 Armour: Scale mail        |     7 |       |       |       ||     7
         Plate armour      |   104 |    80 |   105 |    47 ||   336
  Dodge: Dodged            |    54 |    31 |   108 |    46 ||   239
  Block: Buckler           |    30 |    17 |    53 |     9 ||   109

Table legend: (Time is in decaauts)
 A = Elapsed time spent in this place.
 B = Non-inter-level travel time spent in this place.
 C = Inter-level travel time spent in this place.
 D = Time resting spent in this place.
 E = Time spent auto-exploring this place.
 F = Levels seen in this place.
 G = Mean time per level.
                   A        B        C        D        E       F      G
               +--------+--------+--------+--------+--------+-----+--------+
         Total |   7049 |   6825 |    224 |    304 |   4834 |  10 |  704.9 |
       Dungeon |   6795 |   6571 |    224 |    299 |   4782 |   8 |  849.4 |
        Temple |      1 |      1 |      0 |      0 |      0 |   1 |    1.0 |
        Bailey |    251 |    251 |      0 |      5 |     52 |   1 |  251.0 |
               +--------+--------+--------+--------+--------+-----+--------+

Top non-repeatable levels by time:
     D:5: 1595 daAuts
     D:3: 970 daAuts
     D:2: 881 daAuts
     D:4: 853 daAuts
     D:7: 823 daAuts
     D:6: 713 daAuts
     D:1: 516 daAuts
     D:8: 440 daAuts
  Bailey: 251 daAuts
  Temple: 1 daAuts
